 Dungeon Crawl Stone Soup version 0.22-a0-772-gac08f70 (webtiles) character file.

6 Mamutox the Cudgeler (level 1, 0/20 HPs)
             Began as a Minotaur Chaos Knight on July 17, 2018.
             Slain by a kobold
             ... wielding a +0 short sword
              (3 damage)
             ... on level 1 of the Dungeon.
             The game lasted 00:00:36 (105 turns).

Mamutox the Cudgeler (Minotaur Chaos Knight)         Turns: 105, Time: 00:00:36

Health: 0/20       AC:  5    Str: 16    XL:     1   Next: 75%
Magic:  0/0        EV: 11    Int:  9    God:    Xom [..*...]
Gold:   0          SH:  0    Dex:  9    Spells: 0/0 levels left

rFire    . . .     SeeInvis .   a - +0 mace (chaos)
rCold    . . .     Gourm    .   (no shield)
rNeg     . . .     Faith    .   b - +2 leather armour
rPois    .         Spirit   .   (helmet restricted)
rElec    .         Reflect  .   (no cloak)
rCorr    .         Harm     .   (no gloves)
MR       .....                  (no boots)
Stlth    +.........             (no amulet)
HPRegen  0.06/turn              (no ring)
MPRegen  0.07/turn              (no ring)

@: no status effects
A: retaliatory headbutt, horns 2
a: Renounce Religion


You were on level 1 of the Dungeon.
You worshipped Xom.
You were a toy of Xom.
You were not hungry.

You visited 1 branch of the dungeon, and saw 1 of its levels.

Inventory:

Hand Weapons
 a - a +0 mace of chaos (weapon)
Armour
 b - a +2 leather armour (worn)
Scrolls
 f - 2 scrolls of identify {unknown}
 g - a scroll of teleportation {unknown}
 h - a scroll of amnesia {unknown}
Potions
 d - a potion of cancellation {unknown}
 e - a potion of mutation {unknown}
Comestibles
 c - 2 rations


   Skills:
 + Level 3.9 Fighting
 + Level 3.9 Maces & Flails
 - Level 2.4 Armour
 - Level 1.1 Dodging


You couldn't memorise any spells.
You didn't know any spells.
Your spell library was empty.

Dungeon Overview and Level Annotations

Branches:
Dungeon (1/15)

Altars:


Innate Abilities, Weirdness & Mutations

You reflexively headbutt those who attack you in melee.
You have a pair of horns on your head.


Message History

You hit the kobold but do no damage. The leopard gecko misses you.
You furiously retaliate!
You headbutt the leopard gecko, but do no damage.
The kobold hits you with a short sword. The leopard gecko bites you.
A shower of butterflies erupts from you!
The kobold hits you with a short sword.
* * * LOW HITPOINT WARNING * * *
The leopard gecko completely misses your butterfly.
The kobold completely misses your butterfly.
You swap places.
The leopard gecko misses you. The kobold barely misses you.
There is an open door, spattered with blood here.
You hit the leopard gecko. You burn the leopard gecko.
You kill the leopard gecko!
The kobold hits you but does no damage.
You completely miss the kobold. The kobold hits you with a short sword.
* * * LOW HITPOINT WARNING * * *
Your leather armour prevents you from hitting the kobold.
The kobold hits you with a short sword.
You die... "What!?
That's it?"

#############
#...........#
#...........#
#.....?.....#
#....b......#.
#..b..b(......
#....K(......#
#####@#+####.#
#...b..# ##.((.b.#
########....b..##
..................
########.#####.#...
#...# ..#.#.
###.#.### #
#########...#.###..


You could see a kobold.

Vanquished Creatures
  2 leopard geckos (D:1)
  A frilled lizard (D:1)
  2 rats (D:1)
5 creatures vanquished.

Notes
Turn   | Place    | Note
-------+----------+-------------------------------------------
     0 | D:1      | Mamutox the Minotaur Chaos Knight began the quest for the Orb.
     0 | D:1      | Reached XP level 1. HP: 19/19 MP: 0/0
   100 | D:1      | XOM: butterfly on damage
   105 | D:1      | Slain by a kobold

Vault maps used:
D:1:      lightli_arrival_noodles

Action                   || total
-------------------------++-------
Melee: Mace              ||    13
       Headbutt          ||     1
Armor: Leather armour    ||     5
Dodge: Dodged            ||    12

Table legend:
 A = Spawn XP
 B = Non-spawn XP
 C = Spawn XP percentage of total XP
 D = Spawn monster count
 E = Non-spawn monster count
 F = Spawn count percentage of total count
 G = Total turns spent on level
                    A         B        C        D         E        F      G
               +---------+---------+-------+---------+---------+-------+---------
         Total |       0 |       9 |   0.0 |       0 |       5 |   0.0 |   105
               +---------+---------+-------+---------+---------+-------+---------
           D:1 |       0 |       9 |   0.0 |       0 |       5 |   0.0 |   105
               +---------+---------+-------+---------+---------+-------+---------
